 Dungeon Crawl Stone Soup version 0.30.0-5-g1a98f26d00 (webtiles) character file.

Game seed: 7015155508780343158

203 Chodeload the Shield-Bearer (level 5, -2/38 HPs)
             Began as a Gnoll Wanderer on May 11, 2023.
             Was a Follower of Okawaru.
             Killed by divine providence
             ... invoked by an orc priest
              (13 damage)
             ... on level 5 of the Dungeon.
             The game lasted 00:16:04 (3244 turns).

Chodeload the Shield-Bearer (Gnoll Wanderer)        Turns: 3244, Time: 00:16:05

Health: -2/38      AC: 13    Str: 10    XL:     5   Next: 81%
Magic:  7/9        EV: 11    Int: 15    God:    Okawaru [*.....]
Gold:   58         SH:  8    Dex: 11    Spells: 9/10 levels left

rFire   . . .        a - +2 spear (flame)
rCold   . . .        e - +2 buckler
rNeg    . . .        v - +1 scale mail {Will+}
rPois   .            (no helmet)
rElec   .            s - +0 cloak
rCorr   .            n - +0 pair of gloves
SInv    .            o - +0 pair of boots
Will    +....        (no amulet)
Stlth   ++           (no ring)
HPRegen 0.26/turn    (no ring)
MPRegen 0.11/turn

%: no passive effects
@: heroic
A: fangs 1, strong nose, distributed training
a: Renounce Religion, Heroism


You were on level 5 of the Dungeon.
You worshipped Okawaru.
Okawaru was aware of your devotion.
You visited 1 branch of the dungeon, and saw 5 of its levels.

You collected 214 gold pieces.
You spent 156 gold pieces at shops.

Inventory:

Hand Weapons
 a - a +2 spear of flaming (weapon)
 b - a +0 sling
Missiles
 j - 5 poisoned darts (quivered)
Armour
 e - a +2 buckler (worn)
 n - a +0 pair of gloves (worn)
 o - a +0 pair of boots (worn)
 s - a +0 cloak (worn)
 v - a +1 scale mail of willpower (worn)
Wands
 w - a wand of iceblast (5)
Scrolls
 k - a scroll of vulnerability {unknown}
 l - a scroll of summoning {unknown}
 m - a scroll of poison {unknown}
 p - a scroll of torment {unknown}
 t - 2 scrolls of identify {unknown}
 u - a scroll of amnesia {unknown}
 y - 2 scrolls of fear {unknown}
 z - a scroll of magic mapping {unknown}
 A - a scroll of enchant weapon {unknown}
Potions
 c - a potion of invisibility
 f - a potion of might {unknown}
 g - a potion of attraction {unknown}
 h - 2 potions of flight {unknown}
 i - 2 potions of lignification {unknown}
 q - 2 potions of haste {unknown}
 r - a potion of curing {unknown}
 x - 3 potions of heal wounds {unknown}


   Skills:
 + Level 1.7(6.7) Fighting
 + Level 1.7(6.7) Short Blades
 + Level 1.7(6.7) Long Blades
 + Level 1.7(6.7) Axes
 + Level 1.7(6.7) Maces & Flails
 + Level 1.7(6.7) Polearms
 + Level 1.7(6.7) Staves
 + Level 1.7(6.7) Ranged Weapons
 + Level 1.7(6.7) Throwing
 + Level 3.1(8.1) Armour
 + Level 6.7(11.7) Dodging
 + Level 1.7(6.7) Stealth
 + Level 6.7(11.7) Shields
 + Level 1.7(6.7) Unarmed Combat
 + Level 3.3 Spellcasting
 + Level 1.3 Conjurations
 + Level 1.3 Hexes
 + Level 1.3 Summonings
 + Level 1.3 Necromancy
 + Level 1.3 Translocations
 + Level 1.3 Transmutations
 + Level 4.0 Fire Magic
 + Level 1.3 Ice Magic
 + Level 1.3 Air Magic
 + Level 1.3 Earth Magic
 + Level 1.3 Poison Magic
 + Level 2.0 Invocations
 + Level 1.7 Evocations


You had 9 spell levels left.
You knew the following spells:

 Your Spells              Type           Power      Damage    Failure   Level
a - Foxfire               Conj/Fire      40%        2x1d6     38%         1

Your spell library contained the following spells:

 Spells                   Type           Power      Damage    Failure   Level
 Ignite Poison            Fire/Tmut/Pois 9%         N/A       82%         3


Dungeon Overview and Level Annotations

Branches:
Dungeon (5/15)
 Temple: D:4-7

Altars:
Cheibriados
Gozag
Makhleb
Okawaru
Vehumet

Shops:
D:1 =   D:4 :(

Annotations:
D:4 exclusion: 2 downstairs


Innate Abilities, Weirdness & Mutations

You have very sharp teeth.
Your uncanny sense of smell can sniff out nearby items.
Your experience applies equally to all skills.


Message History

Adjust to which letter? (? for menu, Esc to quit)
a - a +2 spear of flaming Your +2 spear of flaming bursts into flame!
a - a +2 spear of flaming (weapon)
There is an open door here.
There is an open door here.
There is a stone staircase leading down here.
You climb downwards.
There is a stone staircase leading up here.
An orc comes into view. It is wielding a +0 hand axe.
You reach to attack!
You catch the helpless orc completely off-guard!
You hit the orc. You burn the orc.
The orc is moderately wounded.
You closely miss the orc.
The orc is moderately wounded.
The orc completely misses you.
You hit the orc. You burn the orc.
You kill the orc!
Okawaru accepts your kill.
Your Invocations skill increases to level 2!
No target in view!
The orc priest miscasts a cantrip.
Things that are here:
a +0 hand axe; a +0 ring mail You start waiting.
An orc priest is nearby!
The orc priest invokes the aid of Beogh against you.
Beogh smites you!
Things that are here:
a +0 hand axe; a +0 ring mail You hit the orc priest.
You burn the orc priest.
The orc priest is moderately wounded.
The orc priest invokes the aid of Beogh against you.
Beogh smites you!
* * * LOW HITPOINT WARNING * * *
You gain the combat prowess of a mighty hero.
The orc priest calls down the wrath of Beogh upon you.
Beogh smites you!
You die...

#<# #.# #.#
∆ #.#
#####.# ###
# #.....#
#<#####.##.#
#.#####
...........#
#.#
#.#####$##.#
#@# #.#
##.....o.#
...
#.#######
###


You could see an orc priest.

Vanquished Creatures
  A scorpion (D:4)
  A gnoll (D:1)
  3 adders (D:4)
  An ufetubus (D:4)
  2 worms
  3 dart slugs
  7 orcs
  8 ball pythons
  5 bats
  9 endoplasms
  5 giant cockroaches
  7 goblins
  8 hobgoblins
  4 kobolds
  6 quokkas
  4 frilled lizards
  A rat (D:2)
75 creatures vanquished.

Vanquished Creatures (others)
  84 foxfires
84 creatures vanquished.

Grand Total: 159 creatures vanquished

Notes
Turn   | Place    | Note
-------+----------+-------------------------------------------
     0 | D:1      | Chodeload the Gnoll Wanderer began the quest for the Orb.
     0 | D:1      | Chodeload set off with the following items: a +0 dagger, a
                  | +0 cloak, a potion of invisibility, a +0 robe, a +2
                  | buckler; and the following spell memorised: Foxfire; and
                  | the following spells available to memorise: Ignite Poison.
     0 | D:1      | Reached XP level 1. HP: 13/13 MP: 4/4
   123 | D:1      | Reached XP level 2. HP: 13/19 MP: 1/5
   184 | D:1      | Found a faded altar of an unknown god.
   196 | D:1      | Prayed at the altar of an unknown god.
   196 | D:1      | Became a worshipper of Warmaster Okawaru
   196 | D:1      | Reached * piety under Okawaru
   446 | D:1      | Found Kuthraj's Jewellery Shoppe.
   519 | D:1      | Reached XP level 3. HP: 23/25 MP: 0/7
   585 | D:1      | Reached skill level 1 in Invocations
  1063 | D:2      | Reached skill level 1 in Fighting
  1063 | D:2      | Reached skill level 1 in Short Blades
  1063 | D:2      | Reached skill level 1 in Long Blades
  1063 | D:2      | Reached skill level 1 in Axes
  1063 | D:2      | Reached skill level 1 in Maces & Flails
  1063 | D:2      | Reached skill level 1 in Polearms
  1063 | D:2      | Reached skill level 1 in Staves
  1063 | D:2      | Reached skill level 1 in Ranged Weapons
  1063 | D:2      | Reached skill level 1 in Throwing
  1063 | D:2      | Reached skill level 1 in Stealth
  1063 | D:2      | Reached skill level 1 in Unarmed Combat
  1063 | D:2      | Reached skill level 1 in Evocations
  1206 | D:3      | Reached XP level 4. HP: 32/32 MP: 8/8
  1971 | D:3      | Reached skill level 1 in Conjurations
  1971 | D:3      | Reached skill level 1 in Hexes
  1971 | D:3      | Reached skill level 1 in Summonings
  1971 | D:3      | Reached skill level 1 in Necromancy
  1971 | D:3      | Reached skill level 1 in Translocations
  1971 | D:3      | Reached skill level 1 in Transmutations
  1971 | D:3      | Reached skill level 1 in Ice Magic
  1971 | D:3      | Reached skill level 1 in Air Magic
  1971 | D:3      | Reached skill level 1 in Earth Magic
  1971 | D:3      | Reached skill level 1 in Poison Magic
  2096 | D:3      | Found a snail-covered altar of Cheibriados.
  2148 | D:4      | Found Kebog's Antique Weapon Shop.
  2159 | D:4      | Found a radiant altar of Vehumet.
  2292 | D:4      | Found an iron altar of Okawaru.
  2486 | D:3      | Found a burning altar of Makhleb.
  2657 | D:4      | Found Mamom's Tremendous Tomes.
  2682 | D:4      | Reached XP level 5. HP: 37/37 MP: 9/9
  2967 | D:4      | Found an opulent altar of Gozag.
  2997 | D:5      | Entered Level 5 of the Dungeon
  3199 | D:4      | Bought a glowing spear for 156 gold pieces
  3244 | D:5      | Killed from afar by an orc priest

Illustrated notes

Levels and vault maps discovered:
D:1:      lemuel_arrival_room, layout_loops_ring, serial_shops, shop,
          hellmonk_ecumenical_altar_pennies_from_heaven, st_stairs_8,
          minmay_misc_feat_enclosed
D:2:      layout_loops_cross
D:3:      layout_rooms, lightli_temple_of_fire, mainiacjoe_overflow_alcove_1
D:4:      layout_loops_ring, mainiacjoe_overflow_surrounded_room,
          nicolae_vehumet_altar_sigil, overflow_temple_1_default, serial_shops,
          nicolae_shop_dealshenge, nicolae_shop_i_like_big_books, minivault_19
D:5:      layout_basic, mainiacjoe_overflow_paths,
          minmay_temple_entry_enclosed_plants

Skill      XL: |  1  2  3  4  5 |
---------------+----------------+-----
Invocations    | 1 2 |  2.0
Fighting       | 1 |  1.7
Short Blades   | 1 |  1.7
Long Blades    | 1 |  1.7
Axes           | 1 |  1.7
Maces & Flails | 1 |  1.7
Polearms       | 1 |  1.7
Staves         | 1 |  1.7
Ranged Weapons | 1 |  1.7
Throwing       | 1 |  1.7
Stealth        | 1 |  1.7
Unarmed Combat | 1 |  1.7
Evocations     | 1 |  1.7
Spellcasting   | 3 |  3.3
Conjurations   | 1 |  1.3
Hexes          | 1 |  1.3
Summonings     | 1 |  1.3
Necromancy     | 1 |  1.3
Translocations | 1 |  1.3
Transmutations | 1 |  1.3
Ice Magic      | 1 |  1.3
Air Magic      | 1 |  1.3
Earth Magic    | 1 |  1.3
Poison Magic   | 1 |  1.3
Armour         | 3 |  3.1
Fire Magic     | 4 |  4.0
Dodging        | |  6.7
Shields        | |  6.7

Action                     |  1- 3 |  4- 6 || total
---------------------------+-------+-------++-------
  Melee: Dagger            |     3 |       ||     3
         Spear             |    48 |   234 ||   282
         Bite              |     6 |    19 ||    25
  Throw: Dart              |       |     5 ||     5
   Cast: Foxfire           |    40 |    12 ||    52
 Invoke: Heroism           |       |     1 ||     1
   Stab: Sleeping          |     3 |     3 ||     6
         Distracted        |       |     1 ||     1
 Armour: Robe              |     8 |     8 ||    16
         Scale mail        |       |    70 ||    70
  Dodge: Dodged            |    51 |   102 ||   153
  Block: Buckler           |    24 |    79 ||   103
